 Dungeon Crawl Stone Soup version 0.27-a0-1555-g0e7b3fb1d2 (webtiles) character file.

Game seed: 10681497348339692764

34 Hasart the Skirmisher (level 3, -2/30 HPs)
             Began as a Demigod Fighter on July 14, 2021.
             Succumbed to an adder's poison
             ... on level 2 of the Dungeon.
             The game lasted 00:01:19 (1287 turns).

Hasart the Skirmisher (Demigod Fighter)             Turns: 1287, Time: 00:01:20

Health: -2/30      AC:  6    Str: 21    XL:     3   Next: 1%
Magic:  5/5        EV:  7    Int: 10    God:
Gold:   24         SH:  9    Dex: 13    Spells: 2/2 levels left

rFire    . . .     SeeInvis .   a - +0 war axe
rCold    . . .     Faith    .   c - +0 kite shield
rNeg     . . .     Spirit   .   b - +0 scale mail
rPois    .         Reflect  .   (no helmet)
rElec    .         Harm     .   (no cloak)
rCorr    .         Rampage  .   (no gloves)
Will     .....                  (no boots)
Stlth    ..........             (no amulet)
HPRegen  0.10/turn              (no ring)
MPRegen  0.09/turn              (no ring)

@: lethally poisoned (-2 -> -13)
A: high mp 1, forlorn
a: no special abilities


You were on level 2 of the Dungeon.
You visited 1 branch of the dungeon, and saw 2 of its levels.

You collected 24 gold pieces.

Inventory:

Hand Weapons
 a - a +0 war axe (weapon)
Armour
 b - a +0 scale mail (worn)
 c - a +0 kite shield (worn)
Scrolls
 e - a scroll of vulnerability {unknown}
 f - a scroll of teleportation {unknown}
 g - a scroll of identify {unknown}
 h - a scroll of fog {unknown}
Potions
 d - a potion of might


   Skills:
 + Level 2.9 Fighting
 * Level 2.4 Axes
 + Level 2.9 Armour
 + Level 0.7 Dodging
 + Level 2.9 Shields


You had 2 spell levels left.
You didn't know any spells.
Your spell library was empty.

Dungeon Overview and Level Annotations

Branches:
Dungeon (2/15)


Innate Abilities, Weirdness & Mutations

Your attributes grow dramatically as you level up.
You have an increased reservoir of magic. (+10% MP)
You shall have no god before yourself.


Message History

The adder poisons you! The adder barely misses you.
You closely miss the adder.
You feel sick. You block the adder's attack. x2
You closely miss the adder.
You feel sick. The adder bites you but does no damage.
You block the adder's attack.
You hit the adder but do no damage.
You feel sick.
You are no longer poisoned.
You block the adder's attack. The adder barely misses you.
You closely miss the adder. The adder barely misses you.
The adder bites you but does no damage.
Your scale mail prevents you from hitting the adder.
You block the adder's attack. The adder bites you.
You hit the adder but do no damage. You block the adder's attack.
The adder bites you.
You barely miss the adder. The adder bites you.
The adder bites you but does no damage.
You miss the adder. The adder bites you. The adder barely misses you.
You hit the adder.
The adder is moderately wounded.
You block the adder's attack. The adder bites you.
You are poisoned.
The adder poisons you! The adder bites you but does no damage.
You hit the adder.
The adder is severely wounded.
You feel sick. The adder bites you.
* * * LOW HITPOINT WARNING * * *
You are more poisoned.
The adder poisons you! You block the adder's attack.
You barely miss the adder.
The adder is severely wounded.
* * * LOW HITPOINT WARNING * * *
You feel very sick. The adder bites you.
* * * LOW HITPOINT WARNING * * *
You are more poisoned.
The adder poisons you! The adder bites you.
* * * LOW HITPOINT WARNING * * *
Okay, then.
You closely miss the adder.
The adder is severely wounded.
You die...

... .# ..##$##
#.#... #.#..#
#.#^.## #.#...#
#.....#
#<#...######
#.#@.?......
#.....S..#######
##.##.#....
#.#......
..#.######
.###.# .. #.# ##
#.#


You could see an adder.

Vanquished Creatures
  A dart slug (D:1)
  An endoplasm (D:1)
  A giant cockroach (D:1)
  3 hobgoblins (D:1)
  4 jackals (D:1)
  2 kobolds (D:1)
  2 quokkas (D:1)
  3 ball pythons (D:1)
  4 bats (D:1)
  6 frilled lizards (D:1)
  2 goblins (D:1)
  A rat (D:1)
30 creatures vanquished.

Notes
Turn   | Place    | Note
-------+----------+-------------------------------------------
     0 | D:1      | Hasart the Demigod Fighter began the quest for the Orb.
     0 | D:1      | Reached XP level 1. HP: 18/18 MP: 3/3
     1 | D:1      | Noticed an electric eel
   374 | D:1      | Reached XP level 2. HP: 25/25 MP: 4/4
  1144 | D:1      | Reached XP level 3. HP: 27/30 MP: 5/5
  1287 | D:2      | Succumbed to an adder's poison

Illustrated notes

Levels and vault maps discovered:
D:1:      arrival_aquarium_a, layout_basic, shapermc_ecumenical_altar_venn,
          serial_rivers, chequers_serial_rivers_room_a,
          chequers_serial_rivers_micro_e, chequers_serial_rivers_micro_a,
          chequers_serial_rivers_micro_d, chequers_serial_rivers_small_b,
          minmay_tree_intersection, minmay_lizard_pond
D:2:      layout_basic, minmay_misc_feat_roman, uniq_natasha

Skill      XL: |  1 |
---------------+----+-----
Axes           | 2 |  2.4
Fighting       | |  2.9
Armour         | |  2.9
Dodging        | |  0.7
Shields        | |  2.9

Action                   || total
-------------------------++-------
Melee: War axe           ||    90
Armor: Scale mail        ||    70
Dodge: Dodged            ||    49
Block: Kite shield       ||    54

Table legend: (Time is in decaauts)
 A = Elapsed time spent in this place.
 B = Non-inter-level travel time spent in this place.
 C = Inter-level travel time spent in this place.
 D = Time resting spent in this place.
 E = Time spent auto-exploring this place.
 F = Levels seen in this place.
 G = Mean time per level.
                   A        B        C        D        E       F      G
               +--------+--------+--------+--------+--------+-----+--------+
         Total |   1346 |   1314 |     32 |      0 |   1108 |   2 |  673.0 |
       Dungeon |   1346 |   1314 |     32 |      0 |   1108 |   2 |  673.0 |
               +--------+--------+--------+--------+--------+-----+--------+

Top non-repeatable levels by time:
     D:1: 1319 daAuts
     D:2: 27 daAuts
